TOP OF THE 1ST |
Idaho Falls Chukars batting - Pitching for Belleville Bulls : RHP Manny Castro
|
Pitching: RHP Manny Castro
|
|
Batting: SHB José López
|
0-0: Called Strike 0-1: Swinging Strike 0-2: Foul Ball, location: 2F 0-2: Foul Ball, location: 2F 0-2: Fly out, F7 (Flyball, 7S)
|
Batting: RHB Alexandre Keeping
|
0-0: Ball 1-0: Fly out, F9 (Flyball, 9S)
|
Batting: SHB Félix Medina
|
0-0: Called Strike 0-1: Foul Ball, location: 2F 0-2: Hit by Pitch
|
Batting: RHB Scott Ramsey
|
0-0: Ball Félix Medina steals 2nd base 1-0: Ball 2-0: Foul Ball, location: 2F 2-1: Swinging Strike 2-2: Ball 3-2: SINGLE (Groundball, 56D) Félix Medina to third Félix Medina scores
|
Batting: SHB Jorge Colón
|
0-0: Ball 1-0: SINGLE (Line Drive, 4D) Scott Ramsey to second
|
Batting: SHB Shiki Sanu
|
0-0: Called Strike 0-1: Ball 1-1: Called Strike 1-2: Strikes out looking
|
Top of the 1st over - 1 run(s), 2 hit(s), 0 error(s), 2 left on base; Idaho Falls 1 - Belleville 0 |
BOTTOM OF THE 1ST |
Belleville Bulls batting - Pitching for Idaho Falls Chukars : RHP Barney Starr
|
Pitching: RHP Barney Starr
|
|
Batting: RHB Vicente Mena
|
0-0: Ball 1-0: SINGLE (Line Drive, 56)
|
Batting: LHB José Gómez
|
0-0: Ball Vicente Mena is caught stealing 2nd base 1-0: Ball 2-0: Ball 3-0: Called Strike 3-1: Ground out 4-3 (Groundball, 34)
|
Batting: LHB Ken Stroud
|
0-0: Ball 1-0: Fly out, F4 (Line Drive, 4)
|
Bottom of the 1st over - 0 run(s), 1 hit(s), 0 error(s), 0 left on base; Idaho Falls 1 - Belleville 0 |
TOP OF THE 2ND |
Idaho Falls Chukars batting - Pitching for Belleville Bulls : RHP Manny Castro
|
Batting: RHB Ilkka Haapajarvi
|
0-0: Fly out, F9 (Flyball, 9LS)
|
Batting: LHB Jérôme Masson
|
0-0: Ball 1-0: Ball 2-0: Called Strike 2-1: Swinging Strike 2-2: Fly out, F6 (Flyball, 6MD)
|
Batting: SHB Jesús Román
|
0-0: Called Strike 0-1: Fly out, F8 (Line Drive, 8RM)
|
Top of the 2nd over - 0 run(s), 0 hit(s), 0 error(s), 0 left on base; Idaho Falls 1 - Belleville 0 |
BOTTOM OF THE 2ND |
Belleville Bulls batting - Pitching for Idaho Falls Chukars : RHP Barney Starr
|
Batting: RHB Mike Jennings
|
0-0: Foul Ball, location: 2F 0-1: Ball 1-1: Ball 2-1: DOUBLE (Line Drive, 78M)
|
Batting: RHB Ron Bernard
|
0-0: Ball 1-0: Called Strike 1-1: DOUBLE (Flyball, 8LM) Mike Jennings scores
|
Batting: RHB Alejandro Serrato
|
0-0: Called Strike 0-1: Ball 1-1: Ball 2-1: Ground out 4-3 (Groundball, 4) Ron Bernard to third
|
Batting: RHB Lloyd Regis
|
0-0: Ball 1-0: Ball 2-0: Ball 3-0: Base on Balls
|
Batting: RHB Leonardo Sotelo
|
0-0: Ball 1-0: Ball 2-0: Foul Ball, location: 2F 2-1: Foul Ball, location: 2F 2-2: Foul Ball, location: 2F 2-2: Foul Ball, location: 2F 2-2: Foul Ball, location: 2F 2-2: Fly out, F9 (Flyball, 89M) Runner from 3rd tags up, SCORES, no throw
|
Batting: LHB Alan Shaw
|
0-0: Called Strike Lloyd Regis steals 2nd base 0-1: Ball 1-1: Ball 2-1: Ball 3-1: Swinging Strike 3-2: Base on Balls
|
Batting: RHB Vicente Mena
|
0-0: Swinging Strike 0-1: Foul Ball, location: 2F 0-2: Ball 1-2: Ball 2-2: Fly out, F9 (Flyball, 9)
|
Bottom of the 2nd over - 2 run(s), 2 hit(s), 0 error(s), 2 left on base; Idaho Falls 1 - Belleville 2 |
TOP OF THE 3RD |
Idaho Falls Chukars batting - Pitching for Belleville Bulls : RHP Manny Castro
|
Batting: SHB José López
|
0-0: Ball 1-0: Ball 2-0: Ball 3-0: Called Strike 3-1: Ground out 1-3 (Groundball, 13S)
|
Batting: RHB Alexandre Keeping
|
0-0: Ball 1-0: Swinging Strike 1-1: Called Strike 1-2: Ball 2-2: Foul Ball, location: 2F 2-2: Ball 3-2: Ground out 4-3 (Groundball, 4)
|
Batting: SHB Félix Medina
|
0-0: Ball 1-0: Swinging Strike 1-1: Ball 2-1: Ball 3-1: Foul Ball, location: 2F 3-2: Foul Ball, location: 2F 3-2: Strikes out looking
|
Top of the 3rd over - 0 run(s), 0 hit(s), 0 error(s), 0 left on base; Idaho Falls 1 - Belleville 2 |
BOTTOM OF THE 3RD |
Belleville Bulls batting - Pitching for Idaho Falls Chukars : RHP Barney Starr
|
Batting: LHB José Gómez
|
0-0: Foul Ball, location: 2F 0-1: Foul Ball, location: 2F 0-2: Foul Ball, location: 2F 0-2: Ball 1-2: Ball 2-2: Ball 3-2: Foul Ball, location: 2F 3-2: Strikes out swinging
|
Batting: LHB Ken Stroud
|
0-0: Fly out, F8 (Flyball, 8RM)
|
Batting: RHB Mike Jennings
|
0-0: Ball 1-0: Called Strike 1-1: Swinging Strike 1-2: Foul Ball, location: 2F 1-2: Foul Ball, location: 2F 1-2: Strikes out swinging
|
Bottom of the 3rd over - 0 run(s), 0 hit(s), 0 error(s), 0 left on base; Idaho Falls 1 - Belleville 2 |
TOP OF THE 4TH |
Idaho Falls Chukars batting - Pitching for Belleville Bulls : RHP Manny Castro
|
Batting: RHB Scott Ramsey
|
0-0: Foul Ball, location: 2F 0-1: Ground out 4-3 (Groundball, 4)
|
Batting: SHB Jorge Colón
|
0-0: Called Strike 0-1: Ball 1-1: Called Strike 1-2: SOLO HOME RUN (Flyball, 8LXD), Distance : 439 ft
|
Batting: SHB Shiki Sanu
|
0-0: SINGLE (Groundball, 4MD)
|
Batting: RHB Ilkka Haapajarvi
|
0-0: Called Strike 0-1: Fielders Choice at 2nd, 6-4 (Groundball, 6M)
|
Batting: LHB Jérôme Masson
|
0-0: Called Strike 0-1: Called Strike 0-2: Ball Ilkka Haapajarvi is caught stealing 2nd base
|
Top of the 4th over - 1 run(s), 2 hit(s), 0 error(s), 0 left on base; Idaho Falls 2 - Belleville 2 |
BOTTOM OF THE 4TH |
Belleville Bulls batting - Pitching for Idaho Falls Chukars : RHP Barney Starr
|
Batting: RHB Ron Bernard
|
0-0: Foul Ball, location: 2F 0-1: Ball 1-1: Ball 2-1: Swinging Strike 2-2: Foul Ball, location: 2F 2-2: Ground out 6-3 (Groundball, 6S)
|
Batting: RHB Alejandro Serrato
|
0-0: Swinging Strike 0-1: Ground out 6-3 (Groundball, 6S)
|
Batting: RHB Lloyd Regis
|
0-0: Ball 1-0: Foul Ball, location: 2F 1-1: Ground out U3 (Groundball, 34)
|
Bottom of the 4th over - 0 run(s), 0 hit(s), 0 error(s), 0 left on base; Idaho Falls 2 - Belleville 2 |
TOP OF THE 5TH |
Idaho Falls Chukars batting - Pitching for Belleville Bulls : RHP Manny Castro
|
Batting: LHB Jérôme Masson
|
0-0: Ball 1-0: Ball 2-0: Called Strike 2-1: Foul Ball, location: 2F 2-2: Strikes out swinging
|
Batting: SHB Jesús Román
|
0-0: Called Strike 0-1: SINGLE (Groundball, 34D)
|
Batting: SHB José López
|
0-0: Ball 1-0: Called Strike 1-1: Foul Ball, location: 2F 1-2: Ball 2-2: Foul Ball, location: 2F 2-2: Ground out U3 (Groundball, 3L) Jesús Román to second
|
Batting: RHB Alexandre Keeping
|
0-0: Ball 1-0: Swinging Strike 1-1: Called Strike 1-2: Fly out, F6 (Popup, 6D)
|
Top of the 5th over - 0 run(s), 1 hit(s), 0 error(s), 1 left on base; Idaho Falls 2 - Belleville 2 |
BOTTOM OF THE 5TH |
Belleville Bulls batting - Pitching for Idaho Falls Chukars : RHP Barney Starr
|
Batting: RHB Leonardo Sotelo
|
0-0: Called Strike 0-1: Foul Ball, location: 2F 0-2: Ball 1-2: Foul Ball, location: 2F 1-2: Ball 2-2: Ground out 4-3 (Groundball, 4MS)
|
Batting: LHB Alan Shaw
|
0-0: Swinging Strike 0-1: Swinging Strike 0-2: Ball 1-2: Ground out 1-3 (Groundball, 13S)
|
Batting: RHB Vicente Mena
|
0-0: Swinging Strike 0-1: Called Strike 0-2: Foul Ball, location: 2F 0-2: Strikes out looking
|
Bottom of the 5th over - 0 run(s), 0 hit(s), 0 error(s), 0 left on base; Idaho Falls 2 - Belleville 2 |
TOP OF THE 6TH |
Idaho Falls Chukars batting - Pitching for Belleville Bulls : RHP Manny Castro
|
Batting: SHB Félix Medina
|
0-0: SINGLE (Groundball, 6D)
|
Batting: RHB Scott Ramsey
|
0-0: Called Strike 0-1: Ball 1-1: Ball 2-1: Ball 3-1: Called Strike 3-2: 2-RUN HOME RUN (Flyball, 9D), Distance : 386 ft
|
Batting: SHB Jorge Colón
|
0-0: Swinging Strike 0-1: Ball 1-1: Foul Ball, location: 2F 1-2: Strikes out swinging
|
Batting: SHB Shiki Sanu
|
0-0: Called Strike 0-1: Ball 1-1: Ball 2-1: Called Strike 2-2: Strikes out swinging
|
Batting: RHB Ilkka Haapajarvi
|
0-0: Ball 1-0: Foul Ball, location: 2F 1-1: Swinging Strike 1-2: Foul Ball, location: 2F 1-2: Fly out, F9 (Flyball, 9LM)
|
Top of the 6th over - 2 run(s), 2 hit(s), 0 error(s), 0 left on base; Idaho Falls 4 - Belleville 2 |
BOTTOM OF THE 6TH |
Belleville Bulls batting - Pitching for Idaho Falls Chukars : RHP Barney Starr
|
Batting: LHB José Gómez
|
0-0: Ball 1-0: SINGLE (Flyball, 8LS)
|
Batting: LHB Ken Stroud
|
0-0: Called Strike 0-1: Fly out, F7 (Flyball, 7S)
|
Batting: RHB Mike Jennings
|
0-0: Ball 1-0: Foul Ball, location: 2F 1-1: Ground out 5-3 (Groundball, 56S) José Gómez to second
|
Pitching: RHP Juan Ramos
|
|
Batting: RHB Ron Bernard
|
0-0: Ground out 6-3 (Groundball, 6)
|
Bottom of the 6th over - 0 run(s), 1 hit(s), 0 error(s), 1 left on base; Idaho Falls 4 - Belleville 2 |
TOP OF THE 7TH |
Idaho Falls Chukars batting - Pitching for Belleville Bulls : RHP Manny Castro
|
Batting: LHB Jérôme Masson
|
0-0: Ball 1-0: Foul Ball, location: 2F 1-1: Ball 2-1: Foul Ball, location: 2F 2-2: Ball 3-2: Base on Balls
|
Batting: SHB Jesús Román
|
0-0: Bunted foul 0-1: Bunted foul 0-2: Ball 1-2: DOUBLE (Line Drive, 7LM) Jérôme Masson to third
|
Pitching: RHP Ray Goolsby
|
|
Batting: SHB José López
|
0-0: Ball 1-0: Ball 2-0: Called Strike 2-1: Swinging Strike 2-2: Strikes out swinging
|
Batting: RHB Alexandre Keeping
|
0-0: Ball 1-0: Ball 2-0: Ball 3-0: Base on Balls
|
Batting: SHB Félix Medina
|
0-0: Called Strike 0-1: Ball 1-1: Ball 2-1: Grounds into fielders choice 6-2 (Groundball, 6) Jesús Román to third Alexandre Keeping to second
|
Batting: RHB Scott Ramsey
|
0-0: Called Strike 0-1: Ball 1-1: Foul Ball, location: 2F 1-2: Fly out, F9 (Flyball, 9LSF)
|
Top of the 7th over - 0 run(s), 1 hit(s), 0 error(s), 3 left on base; Idaho Falls 4 - Belleville 2 |
BOTTOM OF THE 7TH |
Belleville Bulls batting - Pitching for Idaho Falls Chukars : RHP Juan Ramos
|
Batting: RHB Alejandro Serrato
|
0-0: Foul Ball, location: 2F 0-1: Foul Ball, location: 2F 0-2: Fly out, F8 (Flyball, 78M)
|
Batting: RHB Lloyd Regis
|
0-0: Ball 1-0: Swinging Strike 1-1: Fly out, F5 (Line Drive, 5)
|
Batting: RHB Leonardo Sotelo
|
0-0: Foul Ball, location: 2F 0-1: Called Strike 0-2: Strikes out looking
|
Bottom of the 7th over - 0 run(s), 0 hit(s), 0 error(s), 0 left on base; Idaho Falls 4 - Belleville 2 |
TOP OF THE 8TH |
Idaho Falls Chukars batting - Pitching for Belleville Bulls : RHP Ray Goolsby
|
Batting: SHB Jorge Colón
|
0-0: Called Strike 0-1: Called Strike 0-2: Strikes out swinging
|
Batting: SHB Shiki Sanu
|
0-0: Called Strike 0-1: Ball 1-1: Ball 2-1: Foul Ball, location: 2F 2-2: Strikes out looking
|
Batting: RHB Ilkka Haapajarvi
|
0-0: Called Strike 0-1: Swinging Strike 0-2: Strikes out swinging
|
Top of the 8th over - 0 run(s), 0 hit(s), 0 error(s), 0 left on base; Idaho Falls 4 - Belleville 2 |
BOTTOM OF THE 8TH |
Belleville Bulls batting - Pitching for Idaho Falls Chukars : RHP Juan Ramos
|
Batting: LHB Alan Shaw
|
0-0: Ground out 4-3 (Groundball, 4)
|
Batting: RHB Vicente Mena
|
0-0: Ball 1-0: Called Strike 1-1: Called Strike 1-2: Ball 2-2: Foul Ball, location: 2F 2-2: Ball 3-2: Ground out 5-3 (Groundball, 56)
|
Batting: LHB José Gómez
|
0-0: Called Strike 0-1: Foul Ball, location: 2F 0-2: Ball 1-2: Foul Ball, location: 2F 1-2: Foul Ball, location: 2F 1-2: Foul Ball, location: 2F 1-2: Ball 2-2: SINGLE (Groundball, 56D)
|
Pitching: RHP Shotaro Sugahara
|
|
Batting: LHB Ken Stroud
|
0-0: Called Strike 0-1: Foul Ball, location: 2F 0-2: Ball 1-2: Ball 2-2: Fly out, F6 (Line Drive, 6)
|
Bottom of the 8th over - 0 run(s), 1 hit(s), 0 error(s), 1 left on base; Idaho Falls 4 - Belleville 2 |
TOP OF THE 9TH |
Idaho Falls Chukars batting - Pitching for Belleville Bulls : RHP Ray Goolsby
|
Batting: LHB Jérôme Masson
|
0-0: Ball 1-0: Ball 2-0: Ball 3-0: Base on Balls
|
Batting: SHB Jesús Román
|
0-0: Sac Bunt - play at first, batter OUT! 3-4 Jérôme Masson to second
|
Batting: SHB José López
|
0-0: Swinging Strike 0-1: Called Strike 0-2: Strikes out swinging
|
Batting: RHB Alexandre Keeping
|
0-0: SINGLE (Line Drive, 7S) Jérôme Masson to third Runner from 3rd tries for Home, SAFE, no throw
|
Batting: SHB Félix Medina
|
0-0: Ball 1-0: Called Strike 1-1: Ground out 4-3 (Groundball, 34)
|
Top of the 9th over - 1 run(s), 1 hit(s), 0 error(s), 1 left on base; Idaho Falls 5 - Belleville 2 |
BOTTOM OF THE 9TH |
Belleville Bulls batting - Pitching for Idaho Falls Chukars : RHP Shotaro Sugahara
|
Pitching: RHP Claudio Palma
|
|
Batting: RHB Mike Jennings
|
0-0: Ball 1-0: Ball 2-0: Fly out, F2 (Popup, 25)
|
Batting: RHB Ron Bernard
|
0-0: Ball 1-0: Swinging Strike 1-1: SINGLE (Line Drive, 7LS)
|
Batting: RHB Alejandro Serrato
|
0-0: Called Strike 0-1: Fly out, F4 (Popup, 4S)
|
Batting: RHB Lloyd Regis
|
0-0: Ball 1-0: Fielders Choice at 2nd, 4-6 (Groundball, 4)
|
Bottom of the 9th over - 0 run(s), 1 hit(s), 0 error(s), 0 left on base; Idaho Falls 5 - Belleville 2 |
|